 Dungeon Crawl Stone Soup version 0.19-a0-1216-g363869b (webtiles) character file.

150 2tousent the Skirmisher (level 5, 0/42 HPs)
             Began as a Demonspawn Fighter on Aug 23, 2016.
             Slain by a shadow imp (3 damage)
             ... summoned by Natasha
             ... on level 3 of the Dungeon.
             The game lasted 00:06:42 (2807 turns).

2tousent the Skirmisher (Demonspawn Fighter)        Turns: 2807, Time: 00:06:43

Health: 0/42       AC:  9    Str: 16    XL:     5   Next: 10%
Magic:  5/5        EV:  7    Int: 10    God:
Gold:   128        SH:  9    Dex: 13    Spells: 0 memorised, 4 levels left

rFire  . . .     SeeInvis .       - Unarmed
rCold  . . .     Gourm    .     b - +0 scale mail
rNeg   . . .     Faith    .     c - +0 shield
rPois  .         Spirit   .     (no helmet)
rElec  .         Dismiss  .     (no cloak)
rCorr  .         Reflect  .     (no gloves)
MR     .....     Harm     .     (no boots)
Stlth  ..........               (no amulet)
                                (no ring)
                                (no ring)

@: no status effects
A: claws 1, icy blue scales 2
a: no special abilities


You were on level 3 of the Dungeon.
You were hungry.

You visited 1 branch of the dungeon, and saw 3 of its levels.

You collected 128 gold pieces.

Inventory:

Hand Weapons
 a - a +0 long sword
Armour
 b - a +0 scale mail (worn)
 c - a +0 shield (worn)
Scrolls
 e - 2 scrolls of immolation
 k - 2 scrolls of remove curse
 o - a scroll of identify
 r - a scroll of fog {unknown}
 s - a scroll of enchant weapon {unknown}
 t - a scroll of blinking {unknown}
Potions
 d - a potion of might
 i - 2 potions of flight {unknown}
 j - 2 potions of agility
 m - 2 potions of magic
 n - a potion of mutation {unknown}
 p - a potion of curing {unknown}
 q - a potion of lignification {unknown}
 u - 2 potions of brilliance {unknown}
Comestibles
 f - a bread ration
 g - 3 meat rations
 h - a royal jelly
 l - 2 slices of pizza


   Skills:
 + Level 3.7 Fighting
 - Level 2.2 Long Blades
 + Level 3.2 Armour
 - Level 1.0 Dodging
 + Level 3.3 Shields
 * Level 1.9 Unarmed Combat


You had 4 spell levels left.
You didn't know any spells.

Dungeon Overview and Level Annotations

Branches:
Dungeon (3/15)

Altars:
Trog
Vehumet

Annotations:
D:3 Natasha


Innate Abilities, Weirdness & Mutations

You have sharp fingernails.
You are mostly covered in icy blue scales. (AC +3)


Message History

Natasha is severely wounded.
The shadow imp hits you but does no damage.
Natasha casts a spell.
You completely miss Natasha.
Natasha is severely wounded.
The shadow imp hits you.
* * * LOW HITPOINT WARNING * * *
Natasha casts a spell.
The shadow imp closely misses you.
You scratch Natasha.
Natasha is almost dead.
You block the shadow imp's attack. Natasha casts a spell at you.
You resist with some effort.
The shadow imp hits you but does no damage.
Unknown command.
You miss Natasha.
Natasha is almost dead.
The shadow imp hits you.
You die...

.....÷..#.# #.# ##...###.#
.....####.# #.# ##.####..
###.......# ##.# #.##...#
##.###### #..# #......# ##'##
#.## ####...# ##...## #†#
#....... ##<.[..## ###.# #.###.##
#.......## ##.._# #.#...##
...(.....####<..@####### #.......
.........'.....55h5.......(......
.........####..[.K...######...###
#.......## ##...###.# ##.#
##.....## ##..# # #. ##...## #..#
#. ##+## #..# #. #.## #..


You could see Natasha, a white imp, 2 shadow imps and a kobold.

Vanquished Creatures
  Natasha (D:3)
  5 adders
  3 worms (D:2)
  3 dart slugs
  5 giant geckos
  A ball python (D:1)
  8 bats
  2 giant cockroaches
  8 goblins
  6 hobgoblins
  A quokka (D:2)
  8 giant newts
  7 kobolds
  7 rats
65 creatures vanquished.

Notes
Turn   | Place    | Note
-------+----------+-------------------------------------------
     0 | D:1      | 2tousent the Demonspawn Fighter began the quest for the Orb.
     0 | D:1      | Reached XP level 1. HP: 18/18 MP: 1/1
   262 | D:1      | Gained mutation: You are partially covered in icy blue scales. (AC +2) [demonic ancestry]
   262 | D:1      | Reached XP level 2. HP: 24/24 MP: 2/2
   671 | D:1      | Gained mutation: You have sharp fingernails. [demonic ancestry]
   671 | D:1      | Reached XP level 3. HP: 14/29 MP: 3/3
   939 | D:2      | Reached skill level 1 in Dodging
  1035 | D:2      | Found a radiant altar of Vehumet.
  1390 | D:2      | You fall through a shaft!
  1609 | D:3      | Reached skill level 1 in Unarmed Combat
  1743 | D:3      | Gained mutation: You are mostly covered in icy blue scales. (AC +3) [demonic ancestry]
  1743 | D:3      | Reached XP level 4. HP: 35/35 MP: 4/4
  1959 | D:3      | Noticed Natasha
  1980 | D:3      | Killed Natasha
  2221 | D:3      | Found a bloodstained altar of Trog.
  2373 | D:2      | Reached XP level 5. HP: 22/42 MP: 5/5
  2791 | D:3      | Noticed Natasha
  2807 | D:3      | Slain by a shadow imp

Vault maps used:
D:1:      dpeg_arrival_stone_temple_mockup
D:2:      vehumet_crystals
D:3:      overflow_temple_1_default, uniq_natasha

Skill      XL: |  1  2  3  4 |
---------------+-------------+-----
Long Blades    | 2 |  2.2
Dodging        | 1 |  1.0
Shields        | 3 |  3.3
Unarmed Combat | 1 |  1.9
Armour         | 3 |  3.2
Fighting       | |  3.7

Action                   |  1- 3 |  4- 6 || total
-------------------------+-------+-------++-------
Melee: Long sword        |    67 |       ||    67
       Unarmed           |   117 |   141 ||   258
  Use: Scroll            |     4 |       ||     4
  Eat: Chunk             |     3 |     3 ||     6
Armor: Scale mail        |    81 |    45 ||   126
Dodge: Dodged            |    50 |    35 ||    85
Block: Shield            |    81 |    57 ||   138
